 Dungeon Crawl Stone Soup version 0.29-a0-284-gf9362112df (webtiles) character file.

Game seed: 16470443021253980674

60 bande the Covered (level 4, 0/29 HPs)
             Began as a Gargoyle Fighter on Mar 25, 2022.
             Slain by a gnoll
             ... wielding a +0 whip
              (5 damage)
             ... on level 4 of the Dungeon.
             The game lasted 00:02:25 (2190 turns).

bande the Covered (Gargoyle Fighter)                Turns: 2190, Time: 00:02:26

Health: 0/29       AC: 15    Str: 19    XL:     4   Next: 4%
Magic:  4/4        EV:  8    Int:  9    God:
Gold:   76         SH:  4    Dex: 11    Spells: 3/3 levels left

rFire   x . .      SeeInvis .   a - +0 war axe
rCold   + + .      Faith    .   c - +0 buckler
rNeg    + . .      Spirit   .   h - +0 ice dragon scales
rPois   ∞          Reflect  .   (no helmet)
rElec   +          Harm     .   g - +0 cloak
rCorr   .          Rampage  .   (no gloves)
Will    .....                   (no boots)
Stlth   ..........              (no amulet)
HPRegen 0.09/turn               (no ring)
MPRegen 0.09/turn               (no ring)

@: brilliant, hasted, very quick
A: sickness immunity, AC +3, negative energy resistance 1, electricity
resistance, torment resistance 1, petrification resistance
a: no special abilities


You were on level 4 of the Dungeon.
You visited 1 branch of the dungeon, and saw 3 of its levels.

You collected 76 gold pieces.

Inventory:

Hand Weapons
 a - a +0 war axe (weapon)
Armour
 b - a +0 scale mail
 c - a +0 buckler (worn)
 g - a +0 cloak (worn)
 h - +0 ice dragon scales (worn)
Potions
 d - 2 potions of might


   Skills:
 + Level 3.7 Fighting
 + Level 2.6 Axes
 + Level 3.9 Armour
 + Level 3.6 Shields


You had 3 spell levels left.
You didn't know any spells.
Your spell library was empty.

Dungeon Overview and Level Annotations

Branches:
Dungeon (2/15)

Altars:


Innate Abilities, Weirdness & Mutations

You are immune to sickness and miasma.
Your stone body is resilient. (AC +3)
You are immune to poison.
You resist negative energy. (rN+)
You are resistant to electric shocks. (rElec)
You are resistant to unholy torment.
You are immune to petrification.


Message History

The gnoll attacks as you move away! You block the gnoll's attack.
The gnoll attacks as you move away! The gnoll barely misses you.
The gnoll shaman calls upon its god to speed up the gnoll.
The gnoll seems to speed up.
The gnoll attacks as you move away! The gnoll hits you but does no damage.
You slash the gnoll!
The gnoll is severely wounded.
The gnoll hits you from afar with a +0 spear.
* * * LOW HITPOINT WARNING * * *
The gnoll closely misses you. The gnoll closely misses you.
The gnoll attacks as you move away! The gnoll closely misses you.
Found 11 gold pieces.
The gnoll attacks as you move away! The gnoll closely misses you.
The gnoll attacks as you move away! The gnoll hits you with a +0 whip.
* * * LOW HITPOINT WARNING * * *
An orc priest comes into view. It is wielding a +0 club.
The gnoll shaman calls upon its god to heal the gnoll.
The gnoll is healed somewhat. 2 orcs come into view.
The orc priest shouts!
You hear a shout! x3
An orc comes into view. It is wielding a +0 dagger.
Okay, then.
As you read the scroll labelled OCOTAF DEMIUG, it crumbles to dust.
Wisps of shadow whirl around you...
It was a scroll of summoning.
The gnoll hits the bush with a +0 spear!
The orc priest begins to cast a cantrip, but forgets the words!
The gnoll hits the plant with a +0 halberd.
The plant begins to die.
It was a potion of haste.
You feel yourself speed up.
The gnoll hits the bush but does no damage.
The gnoll shaman calls upon its god to heal the gnoll.
The gnoll's wounds heal themselves!
The orc hits the plant with a +0 mace.
The plant begins to die.
The gnoll hits you but does no damage.
The orc priest looks satisfied for a moment.
It was a potion of brilliance.
You feel clever all of a sudden.
The gnoll hits the plant with a +0 halberd!
The gnoll hits you with a +0 whip.
You die...

##### ###### #####g...
###B...## #....g...
#P.@g...## #.g##..##
#..P♣gP.$.# #.####...
#..w.♣♣.P..###.## ##..
....o...P♣ggg##...## #..
...PPPP.P♣♣P.......###..
..oPP..P ♣P####.#......
.o..o.♣ ♣P. ..#......
.....P .... ....###..
.o. ...## #...## #..


You could see a gnoll shaman, an orc priest, 4 gnolls, 3 orcs, a friendly dart
slug (summoned) and a friendly giant cockroach (summoned).

Vanquished Creatures
  A gnoll (D:4)
  An adder (D:2)
  3 dart slugs (D:1)
  2 bats (D:1)
  6 endoplasms
  A giant cockroach (D:1)
  3 goblins (D:1)
  5 hobgoblins
  2 kobolds
  2 quokkas
  3 ball pythons
  4 rats
33 creatures vanquished.

Vanquished Creatures (others)
  5 plants (D:4)
5 creatures vanquished.

Grand Total: 38 creatures vanquished

Notes
Turn   | Place    | Note
-------+----------+-------------------------------------------
     0 | D:1      | bande the Gargoyle Fighter began the quest for the Orb.
     0 | D:1      | Reached XP level 1. HP: 14/14 MP: 1/1
   166 | D:1      | Reached XP level 2. HP: 17/19 MP: 2/2
  1080 | D:1      | Reached XP level 3. HP: 23/23 MP: 3/3
  1937 | D:2      | Found a faded altar of an unknown god.
  2150 | D:2      | You fall into a shaft and drop 2 floors!
  2157 | D:4      | Reached XP level 4. HP: 16/29 MP: 4/4
  2190 | D:4      | Slain by a gnoll

Illustrated notes

Levels and vault maps discovered:
D:1:      lightli_arrival_boilingwater, layout_basic, serial_corexii_hall,
          chequers_hall_statues_corner_a, corexii_hall_statues_i
D:2:      layout_basic, hellmonk_ecumenical_altar_slurped_away
D:4:      layout_loops_ring, mainiacjoe_overflow_cross_hatched, serial_forest,
          infiniplex_forest_clump_C, infiniplex_forest_lined_2,
          infiniplex_forest_clump_curved, infiniplex_forest_clump_cross,
          infiniplex_forest_straight_4, infiniplex_forest_split,
          palyth_stone_intersect, minmay_shop_damaged, nicolae_stop_n_shop_1,
          uniq_sigmund

Skill      XL: |  1  2 |
---------------+-------+-----
Axes           | 2 |  2.6
Fighting       | |  3.7
Armour         | |  3.9
Shields        | |  3.6

Action                   |  1- 3 |  4- 6 || total
-------------------------+-------+-------++-------
Melee: War axe           |   127 |     1 ||   128
  Use: Potion            |       |     2 ||     2
       Scroll            |       |     1 ||     1
Armor: Scale mail        |    61 |       ||    61
       Ice dragon scales |    31 |     4 ||    35
Dodge: Dodged            |    62 |     6 ||    68
Block: Buckler           |    35 |     3 ||    38

Table legend: (Time is in decaauts)
 A = Elapsed time spent in this place.
 B = Non-inter-level travel time spent in this place.
 C = Inter-level travel time spent in this place.
 D = Time resting spent in this place.
 E = Time spent auto-exploring this place.
 F = Levels seen in this place.
 G = Mean time per level.
                   A        B        C        D        E       F      G
               +--------+--------+--------+--------+--------+-----+--------+
         Total |   2248 |   2248 |      0 |    663 |   1192 |   3 |  749.3 |
       Dungeon |   2248 |   2248 |      0 |    663 |   1192 |   3 |  749.3 |
               +--------+--------+--------+--------+--------+-----+--------+

Top non-repeatable levels by time:
     D:1: 1499 daAuts
     D:2: 708 daAuts
     D:4: 41 daAuts
